 Dungeon Crawl Stone Soup version 0.31.0-10-gcf4a605ca0 (webtiles) character file.

Game seed: 8242821147047983527

189 ssalbiz the Conjurer (level 5, -6/28 HPs)
             Began as a Deep Elf Conjurer on Jan 26, 2024.
             Mangled by Prince Ribbit (16 damage)
             ... on level 5 of the Dungeon.
             The game lasted 00:03:36 (3055 turns).

ssalbiz the Conjurer (Deep Elf Conjurer)            Turns: 3055, Time: 00:03:37

Health: -6/28      AC:  3    Str:  4    XL:     5   Next: 40%
Magic:  11/15      EV: 12    Int: 25    God:
Gold:   74         SH:  0    Dex: 13    Spells: 12/15 levels left

rFire   . . .        o - +0 dagger
rCold   . . .        (no shield)
rNeg    . . .        a - +0 robe
rPois   .            (no helmet)
rElec   .            (no cloak)
rCorr   .            (no gloves)
SInv    .            g - +0 pair of boots
Will    .....        (no amulet)
Stlth   ++           (no ring)
HPRegen 0.24/turn    (no ring)
MPRegen 0.14/turn

%: no passive effects
@: no status effects
A: no striking features
a: no special abilities


You were on level 5 of the Dungeon.
You visited 1 branch of the dungeon, and saw 5 of its levels.

You collected 74 gold pieces.

Inventory:

Hand Weapons
 o - a +0 dagger (weapon)
Armour
 a - a +0 robe (worn)
 g - a +0 pair of boots (worn)
Magical Staves
 m - a staff of earth
Scrolls
 d - a scroll of teleportation {unknown}
 e - 4 scrolls of identify {unknown}
 h - a scroll of brand weapon {unknown}
 n - a scroll of vulnerability {unknown}
Potions
 b - 2 potions of magic
 c - a potion of haste {unknown}
 f - 2 potions of brilliance {unknown}
 i - a potion of heal wounds {unknown}
 j - a potion of invisibility {unknown}
 k - a potion of lignification {unknown}
 l - a potion of berserk rage {unknown}


   Skills:
 - Level 2.4 Dodging
 - Level 2.4 Stealth
 + Level 5.8 Spellcasting
 + Level 6.1 Conjurations


You had 12 spell levels left.
You knew the following spells:

 Your Spells              Type           Power      Damage    Failure   Level
a - Magic Dart            Conj           100%       1d8       1%          1
b - Searing Ray           Conj           74%        2d7       1%          2

Your spell library contained the following spells:

 Spells                   Type           Power      Damage    Failure   Level
 Kiss of Death            Conj/Necr      88%        2d12      2%          1
 Sting                    Conj/Alch      88%        1d8       2%          1
 Apportation              Tloc           14%        N/A       8%          1
 Necrotise                Necr           28%        1d5       8%          1
 Summon Small Mammal      Summ           28%        N/A       8%          1
 Confusing Touch          Hex            7%         N/A       22%         3
 Tukima's Dance           Hex            7%         N/A       22%         3
 Fulminant Prism          Conj/Alch      11%        3d8       22%         4
 Iskenderun's Mystic Bla  Conj/Tloc      22%        2d6       22%         4
 Dispel Undead            Necr           7%         3d8       58%         4
 Passage of Golubria      Tloc           7%         N/A       58%         4
 Yara's Violent Unravell  Hex/Alch       3%         3d4       91%         5


Dungeon Overview and Level Annotations

Branches:
Dungeon (6/15)
 Temple: D:4-7

Altars:
Elyvilon
Makhleb
Zin
The Shining One

Shops:
D:1 [

Annotations:
D:5 1 exclusion, Dowan, Prince Ribbit
D:6 Maggie


Message History

Placed new exclusion.
Unknown command.
An adder comes into view.
Found 6 stones.
An adder is nearby!
Casting: Searing Ray (safe; 1% risk of failure)
Confirm with . or Enter, or press ? or * to list all spells.
Aiming: Searing Ray (safe; 1% risk of failure)
Press: ? - help, Shift-Dir - straight line, f - adder
Aim: an adder (68% to hit)
The searing ray hits the adder!
You kill the adder! (Press . to maintain the ray.)
You start resting.
Magic restored.
You now have 74 gold pieces (gained 15).
Prince Ribbit comes into view.
Prince Ribbit gives a loud, deep croak!
Prince Ribbit is nearby!
Prince Ribbit blinks!
Prince Ribbit blinks!
Prince Ribbit attacks as he pursues you!
Prince Ribbit barely misses you. Prince Ribbit hits you.
Casting: Searing Ray (safe; 1% risk of failure)
Confirm with . or Enter, or press ? or * to list all spells.
Aiming: Searing Ray (safe; 1% risk of failure)
Press: ? - help, Shift-Dir - straight line, f - Prince Ribbit
Aim: Prince Ribbit (66% to hit)
The searing ray misses Prince Ribbit. (Press . to maintain the ray.) Prince Ribbit lets out a mournful croak.
Prince Ribbit hits you!
The searing ray hits Prince Ribbit.
Prince Ribbit is lightly wounded.
Prince Ribbit hits you! Prince Ribbit barely misses you.
The searing ray hits Prince Ribbit.
Prince Ribbit is moderately wounded.
Prince Ribbit hits you!
Ouch! That really hurt!
You die...

##. ..# #.. #.# ##.###.# .#
#...##.# ##.# #...##.# #...
#...##.# #######..# #...##.#
#...(...# #.>....# #......#
#...##.######..@...###..#
#...##.........F.......#
######.#########..######
##......####......###
##........#.....##...#####..
#...........###...##........
#........... #......#######.
#.....................#
#........................#


You could see Prince Ribbit.

Vanquished Creatures
  2 hounds (D:6)
  A sleepcap (D:6)
  5 gnolls
  An adder (D:5)
  2 dart slugs (D:1)
  3 ball pythons
  6 endoplasms
  4 giant cockroaches (D:1)
  2 hobgoblins (D:1)
  9 kobolds
  3 quokkas
  2 bats
  6 frilled lizards
  3 rats
49 creatures vanquished.

Notes
Turn   | Place    | Note
-------+----------+-------------------------------------------
     0 | D:1      | ssalbiz the Deep Elf Conjurer began the quest for the Orb.
     0 | D:1      | Reached XP level 1. HP: 10/10 MP: 6/6
   330 | D:1      | Reached XP level 2. HP: 15/15 MP: 3/8
   371 | D:1      | Found Qood Nei's Armour Emporium.
   951 | D:1      | Learned a level 2 spell: Searing Ray
  1149 | D:1      | Reached skill level 5 in Conjurations
  1149 | D:1      | Reached XP level 3. HP: 19/19 MP: 4/10
  2471 | D:3      | You fall into a shaft and drop 3 floors!
  2476 | D:6      | Found a burning altar of Makhleb.
  2523 | D:6      | Found a glowing silver altar of Zin.
  2524 | D:6      | Found a glowing golden altar of the Shining One.
  2524 | D:6      | Found a white marble altar of Elyvilon.
  2587 | D:6      | Reached XP level 4. HP: 21/24 MP: 3/12
  2627 | D:6      | Reached skill level 5 in Spellcasting
  2723 | D:6      | Noticed Maggie
  2754 | D:6      | Reached XP level 5. HP: 23/28 MP: 9/15
  2873 | D:6      | Reached skill level 6 in Conjurations
  2985 | D:5      | Entered Level 5 of the Dungeon
  2999 | D:5      | Noticed Dowan
  3044 | D:5      | Noticed Prince Ribbit
  3055 | D:5      | Mangled by Prince Ribbit

Illustrated notes

Levels and vault maps discovered:
D:1:      dpeg_arrival_round_c, layout_basic, serial_shops,
          nicolae_shop_window_shopping
D:2:      layout_basic, lexackson_kobold_supper
D:3:      gammafunk_wand_slinger, layout_basic, cheibrodos_gnoll_hut
D:5:      layout_rooms, uniq_duvessa, uniq_blork_the_orc, uniq_prince_ribbit1
D:6:      layout_gridville, dreamdust_divine_triumvirate,
          mainiacjoe_overflow_paths, uniq_maggie, uniq_edmund

Skill      XL: |  1  2  3  4  5 |
---------------+----------------+-----
Spellcasting   | 4 5 |  5.8
Conjurations   | 5 6 |  6.1
Dodging        | |  2.4
Stealth        | |  2.4

Action                     |  1- 3 |  4- 6 || total
---------------------------+-------+-------++-------
   Cast: Magic Dart        |    75 |     6 ||    81
         Searing Ray       |     4 |     7 ||    11
 Armour: Robe              |     3 |     5 ||     8
  Dodge: Dodged            |     3 |     3 ||     6
